 Dungeon Crawl Stone Soup version 0.25-a0-860-gf695395b5c (webtiles) character file.

Game seed: 6442655616769254762, levelgen mode: deterministic

105 Maedhros the Charlatan (level 4, 0/28 HPs)
             Began as an Octopode Artificer on Apr 27, 2020.
             Slain by an orc warrior
             ... wielding a +0 trident
              (20 damage)
             ... on level 4 of the Dungeon.
             The game lasted 00:02:32 (419 turns).

Maedhros the Charlatan (Octopode Artificer)          Turns: 419, Time: 00:02:32

Health: 0/28       AC:  1    Str: 11    XL:     4   Next: 83%
Magic:  6/7        EV: 13    Int: 13    God:
Gold:   7          SH:  0    Dex: 13    Spells: 3/3 levels left

rFire    . . .     SeeInvis .   a - +0 short sword
rCold    + . .     Gourm    .   (no shield)
rNeg     . . .     Faith    .   (helmet restricted)
rPois    .         Spirit   .   (no amulet)
rElec    .         Reflect  .   l - ring of protection from cold
rCorr    .         Harm     .   (no ring)
MR       .....                  (no ring)
Stlth    +++.......             (no ring)
HPRegen  0.09/turn              (no ring)
MPRegen  0.10/turn              (no ring)
                                (no ring)
                                (no ring)

@: no status effects
A: almost no armour, stealthy swim, amphibious, 8 rings, constrict 8, camouflage
1, gelatinous body 1
a: no special abilities


You were on level 4 of the Dungeon.
You were not hungry.

You visited 1 branch of the dungeon, and saw 6 of its levels.

You collected 7 gold pieces.

Inventory:

Hand Weapons
 a - a +0 short sword (weapon)
Missiles
 n - a throwing net (quivered)
Armour
 i - a +0 kite shield
Jewellery
 l - a ring of protection from cold (left tentacle)
Wands
 b - a wand of flame (13)
 c - a wand of enslavement (10)
 d - a wand of random effects (14)
 m - a wand of iceblast (10)
Scrolls
 e - a scroll of identify {unknown}
 g - 2 scrolls of blinking {unknown}
Potions
 h - a potion of lignification {unknown}
 j - a potion of degeneration {unknown}
 k - a potion of resistance {unknown}
Comestibles
 f - 4 rations


   Skills:
 - Level 1.0 Fighting
 - Level 1.0 Short Blades
 - Level 2.0 Dodging
 + Level 3.3 Stealth
 * Level 2.9 Unarmed Combat
 + Level 4.1 Evocations


You had 3 spell levels left.
You didn't know any spells.
Your spell library was empty.

Dungeon Overview and Level Annotations

Branches:
Dungeon (6/15)
 Temple: D:4-7

Altars:


Innate Abilities, Weirdness & Mutations

You cannot wear most types of armour.
You are very stealthy in the water. (Stealth+)
You are amphibious.
You can wear up to eight rings at the same time.
You can use your tentacles to constrict eight enemies at once.
Your skin changes colour to match your surroundings (Stealth+).
Your rubbery body absorbs attacks. (AC +1, EV +1)


Message History

There is an open door here.
Evoke which item? (* to show all) (? for menu, Esc to quit)
Aiming: Iceblast
Press: ? - help, Shift-Dir - straight line The mass of ice explodes!
The iceblast engulfs the orc warrior!!
The orc warrior is almost dead.
The orc warrior shouts!
The iceblast engulfs the orc priest!!
You kill the orc priest!
Your Evocations skill increases to level 4!
The iceblast engulfs the orc!
You kill the orc!
The orc wizard shouts!
The orc wizard looks encouraged for a moment.
Unknown command.
Unknown command.
The orc wizard looks encouraged for a moment.
The orc warrior hits you from afar with a +0 trident!!
Ouch! That really hurt!
You die...

###>### #.#
#.# ###.###
### #.....#
###.#.#
#.#.#
#########.#
#)..)) #.#
#..... #<#
#.....###@#
#...o.'o..#
#.....#####
######


You could see an orc warrior and an orc wizard.

Vanquished Creatures
  A scorpion (D:5)
  An orc priest (D:4)
  A worker ant zombie (D:5)
  A shadow imp (D:5)
  A leopard gecko (D:5)
  2 orcs (D:4)
  A goblin (D:1)
  A frilled lizard (D:4)
9 creatures vanquished.

Vanquished Creatures (collateral kills)
  A giant cockroach (D:3)
  A kobold (D:3)
2 creatures vanquished.

Vanquished Creatures (others)
  A kobold (D:3)
1 creature vanquished.

Grand Total: 12 creatures vanquished

Notes
Turn   | Place    | Note
-------+----------+-------------------------------------------
     0 | D:1      | Maedhros the Octopode Artificer began the quest for the
                  | Orb.
     0 | D:1      | Reached XP level 1. HP: 13/13 MP: 3/3
    99 | D:3      | Noticed an orc priest
    99 | D:3      | Noticed an orc wizard
   208 | D:5      | Entered Level 5 of the Dungeon
   213 | D:5      | Reached skill level 1 in Unarmed Combat
   213 | D:5      | Reached XP level 2. HP: 8/18 MP: 4/4
   253 | D:6      | Noticed an orc warrior
   286 | D:5      | Reached XP level 3. HP: 6/23 MP: 5/5
   330 | D:5      | Noticed a scorpion
   344 | D:5      | Killed a scorpion
   344 | D:5      | Reached XP level 4. HP: 13/28 MP: 6/6
   414 | D:4      | Noticed an orc warrior
   416 | D:4      | Reached skill level 4 in Evocations
   419 | D:4      | Slain by an orc warrior

Levels and vault maps discovered:
D:1:      dpeg_arrival_tiny_a, layout_loops_cross
D:2:      layout_loops_ring, first_ration, chequers_ecumenical_altar_simple
D:3:      layout_rooms, moated_statue, nicolae_ru_path_of_blood
D:4:      layout_basic, dancing_weapons_uskayaw, uniq_pikel
D:5:      layout_loops_ring, minmay_temple_entry_statues_fountains,
          lemuel_tele_altar
D:6:      layout_loops_corners, nicolae_ashenzari_panopticon

Skill      XL: |  1  2  3  4 |
---------------+-------------+-----
Stealth        | 2 3 |  3.3
Unarmed Combat | 1 2 |  2.9
Evocations     | 4 |  4.1
Fighting       | |  1.0
Short Blades   | |  1.0
Dodging        | |  2.0

Action                   |  1- 3 |  4- 6 || total
-------------------------+-------+-------++-------
Melee: Short sword       |    13 |     1 ||    14
       Constrict         |     5 |       ||     5
       Punch             |     1 |       ||     1
       Tentacles         |     1 |       ||     1
Evoke: Wand              |     6 |     3 ||     9
 Stab: Sleeping          |     1 |     1 ||     2
Dodge: Dodged            |    16 |       ||    16

Table legend:
 A = Non-vault XP
 B = Vault XP
 C = Vault XP percentage of total XP
 D = Non-vault monster count
 E = Vault monster count
 F = Vault count percentage of total count
                 A         B        C        D         E       F
            +---------+---------+-------+---------+---------+-------
      Total |     151 |       0 |   0.0 |      11 |       0 |   0.0
            +---------+---------+-------+---------+---------+-------
        D:1 |       2 |       0 |   0.0 |       1 |       0 |   0.0
        D:3 |       2 |       0 |   0.0 |       2 |       0 |   0.0
        D:4 |      48 |       0 |   0.0 |       4 |       0 |   0.0
        D:5 |      99 |       0 |   0.0 |       4 |       0 |   0.0
            +---------+---------+-------+---------+---------+-------
